 Dungeon Crawl Stone Soup version 0.32-a0-975-g85d4e5bfdb (webtiles) character file.

Game seed: 5189932243220760954

141 Autsider the Sneak (level 5, -2/24 HPs)
             Began as a Vine Stalker Enchanter on Apr 19, 2024.
             Slain by Robin
             ... wielding a +0 whip
              (4 damage)
             ... on level 2 of the Dungeon.
             The game lasted 00:04:47 (1474 turns).

Autsider the Sneak (Vine Stalker Enchanter)         Turns: 1474, Time: 00:04:48

Health: -2/24      AC:  2    Str: 12    XL:     5   Next: 24%
Magic:  0/10       EV: 11    Int: 15    God:
Gold:   71         SH:  0    Dex: 15    Spells: 5/10 levels left

rFire   . . .        a - +1 dagger
rCold   . . .        (no shield)
rNeg    . . .        b - +0 robe
rPois   .            (no helmet)
rElec   .            (no cloak)
rCorr   .            (no gloves)
SInv    .            (no boots)
Will    .....        (no amulet)
Stlth   +++          (no ring)
HPRegen 1.04/turn    (no ring)
MPRegen 0.12/turn

%: guardian spirit
@: no status effects
A: fangs 2, regeneration 1, magic shield, antimagic bite, no potion heal 2
a: no special abilities


You were on level 2 of the Dungeon.
You visited 1 branch of the dungeon, and saw 2 of its levels.

You collected 71 gold pieces.

Inventory:

Hand Weapons
 a - a +1 dagger (weapon)
Armour
 b - a +0 robe (worn)
 h - a +0 ring mail
Scrolls
 d - 2 scrolls of teleportation {unknown}
 e - a scroll of enchant armour {unknown}
 g - a scroll of revelation {unknown}
 j - a scroll of identify {unknown}
Potions
 c - 2 potions of invisibility
 f - a potion of haste {unknown}
 i - 2 potions of curing {unknown}


   Skills:
 - Level 0.8 Short Blades
 + Level 2.3 Dodging
 + Level 4.6 Stealth
 + Level 3.0 Spellcasting
 + Level 3.7 Hexes
 + Level 1.9 Ice Magic


You had 5 spell levels left.
You knew the following spells:

 Your Spells              Type           Power      Damage    Failure   Level
a - Ensorcelled Hibernat  Hex/Ice        20%        N/A       10%         2
b - Tukima's Dance        Hex            13%        N/A       13%         3

Your spell library contained the following spells:

 Spells                   Type           Power      Damage    Failure   Level
 Confusing Touch          Hex            13%        N/A       13%         3
 Magic Dart               Conj           8%         1d3       21%         1
 Dazzling Flash           Conj/Hex       14%        N/A       28%         3
 Blink                    Tloc           4%         N/A       30%         2
 Call Imp                 Summ           4%         N/A       30%         2


Dungeon Overview and Level Annotations

Branches:
Dungeon (2/15)

Altars:
Ashenzari

Shops:
D:2 =

Annotations:
D:2 Robin


Innate Abilities, Weirdness & Mutations

You have extremely sharp teeth.
Your natural rate of healing is unusually fast.
When hurt, damage is shared between your health and your magic reserves.
Your bite disrupts and absorbs the magic of your enemies.
Potions cannot restore your health.


Message History

The goblin hits you but does no damage. The goblin hits you with a +0 dagger.
* * * LOW HITPOINT WARNING * * *
You hit the goblin.
The goblin is moderately wounded.
The goblin no longer looks unusually strong.
The goblin misses you. The goblin hits you with a +0 dagger.
* * * LOW HITPOINT WARNING * * *
You hit the goblin.
The goblin is severely wounded.
The goblin hits you with a +0 club.
* * * LOW HITPOINT WARNING * * *
The goblin hits you with a +0 dagger.
* * * LOW HITPOINT WARNING * * *
You hit the goblin.
You kill the goblin!
Robin throws the goblin at you!
* * * LOW HITPOINT WARNING * * *
The goblin misses you.
You closely miss the goblin. You bite the goblin. You drain its power.
You feel invigorated.
The goblin is severely wounded.
The goblin closely misses you.
You hit the goblin but do no damage.
The goblin is severely wounded.
Robin hits you with a +0 whip.
* * * LOW HITPOINT WARNING * * *
The goblin hits you but does no damage.
You hit the goblin.
You kill the goblin!
Robin hits you with a +0 whip.
* * * LOW HITPOINT WARNING * * *
You hit Robin but do no damage. Your bite misses Robin.
Robin is almost dead.
Robin hits you with a +0 whip.
* * * LOW HITPOINT WARNING * * *
You closely miss Robin. Your bite misses Robin.
Robin is almost dead.
Robin hits you with a +0 whip.
You die...
Robin lets out a smug laugh.

#.#.................#
#.#....∩...######.#
#.#........# #.#
#.#..#)##'## #.#
########.#..#.##.#
#.#
.......#.#..#.##.#
#.#
......!#.#..#....#
#.# .......
#..######### #.#
.......' #..g@)......
#.#
.......###.##########
#.#
.......).g...)....#
#.#
........#!#######)#
#.# ..............#
#.# #.#
##..._..#.###.# #.#
#.# ........#.. #.#
#.######'####
........#.#.#.#
#...........##
....##..#...#.#
#.............


You could see Robin.

Vanquished Creatures
  Jessica (D:2)
  Terence (D:2)
  2 adders (D:2)
  2 ribbon worms (D:2)
  2 dart slugs
  2 bats
  8 endoplasms
  2 giant cockroaches
  13 goblins
  6 hobgoblins
  A jackal (D:2)
  4 kobolds
  2 quokkas
  3 ball pythons
  3 frilled lizards (D:1)
  2 rats
54 creatures vanquished.

Vanquished Creatures (others)
  A dancing weapon (D:2)
1 creature vanquished.

Grand Total: 55 creatures vanquished

Notes
Turn   | Place    | Note
-------+----------+-------------------------------------------
     0 | D:1      | Autsider the Vine Stalker Enchanter began the quest for the
                  | Orb.
     0 | D:1      | Reached XP level 1. HP: 9/9 MP: 4/4
   111 | D:1      | Reached XP level 2. HP: 13/13 MP: 3/6
   427 | D:1      | Reached skill level 4 in Stealth
   427 | D:1      | Reached XP level 3. HP: 16/16 MP: 7/7
   556 | D:1      | Found a faded altar of an unknown god.
   588 | D:1      | Learned a level 2 spell: Ensorcelled Hibernation
   592 | D:1      | Learned a level 3 spell: Tukima's Dance
   671 | D:1      | Reached skill level 1 in Ice Magic
   870 | D:2      | Noticed Terence
   898 | D:2      | Killed Terence
   899 | D:2      | Reached XP level 4. HP: 12/21 MP: 3/9
   989 | D:2      | Found Puashriy's Jewellery Shoppe.
  1358 | D:2      | Identified the +4 helmet of the Shishi {rC- Str+4 Int+3
                  | Slay+4}
  1358 | D:2      | Noticed Robin
  1382 | D:2      | Found a broken altar of Ashenzari.
  1386 | D:2      | Noticed Jessica
  1421 | D:2      | Killed Jessica
  1422 | D:2      | Reached XP level 5. HP: 20/24 MP: 8/10
  1473 | D:2      | HP: 1/24 [Robin/+0 whip (3)]
  1474 | D:2      | Slain by Robin

Illustrated notes

Levels and vault maps discovered:
D:1:      onia_arrival_pyramid, layout_basic,
          shapermc_ecumenical_altar_starsandcircs
D:2:      layout_basic, serial_shops, shop, basic_altar, minivault_19,
          minmay_tetromino_t2, uniq_terence, uniq_jessica, uniq_robin

Skill      XL: |  1  2  3  4 |
---------------+-------------+-----
Stealth        | 4 |  4.6
Ice Magic      | 1 |  1.9
Dodging        | 2 |  2.3
Spellcasting   | 3 |  3.0
Short Blades   | |  0.8
Hexes          | |  3.7

Action                     |  1- 3 |  4- 6 || total
---------------------------+-------+-------++-------
  Melee: Dagger            |   114 |    82 ||   196
         Bite              |    34 |    28 ||    62
   Cast: Ensorcelled Hiber |     3 |       ||     3
         Tukima's Dance    |     1 |       ||     1
   Stab: Sleeping          |     7 |     3 ||    10
 Armour: Robe              |    71 |    54 ||   125
  Dodge: Dodged            |    66 |    38 ||   104

Table legend: (Time is in decaauts)
 A = Elapsed time spent in this place.
 B = Non-inter-level travel time spent in this place.
 C = Inter-level travel time spent in this place.
 D = Time resting spent in this place.
 E = Time spent auto-exploring this place.
 F = Levels seen in this place.
 G = Mean time per level.
                   A        B        C        D        E       F      G
               +--------+--------+--------+--------+--------+-----+--------+
         Total |   1470 |   1465 |      5 |     33 |    964 |   2 |  735.0 |
       Dungeon |   1470 |   1465 |      5 |     33 |    964 |   2 |  735.0 |
               +--------+--------+--------+--------+--------+-----+--------+

Top non-repeatable levels by time:
     D:1: 754 daAuts
     D:2: 716 daAuts
